Map: Interloper LE

Players

Pain

  • Race: Terran Terran
  • Spawn Location: 11:00

A.I. 1 (Medium) - Winner!

  • Race: Protoss Protoss
  • Spawn Location: 5:00

VOD

Have the link to the VOD?

Description

Time

  • Played on: Sept. 3, 2017, 9:24 p.m.
  • Length: 11:22
Show
View Real Time Build Order
Export as new Build Order

Pain Terran 

Build Orders:  

Get SALT Encoding   

  12  0:57  SCV  
  12  0:58  Refinery  
  12  1:04  Refinery  
  13  1:09  SCV  
  14  1:14  Supply Depot  
  14  1:21  SCV  
  15  1:36  SCV  
  16  1:44  Supply Depot  
  16  1:48  SCV  
  17  1:54  Barracks  
  17  2:00  SCV  
  18  2:12  SCV  
  19  2:24  Supply Depot, SCV  
  20  2:36  SCV  
  21  2:49  SCV  
  22  2:56  Supply Depot  
  22  2:58  Marine  
  22  3:01  SCV  
  24  3:13  SCV  
  24  3:16  Marine  
  26  3:25  SCV  
  27  3:34  Marine  
  27  3:35  Bunker  
  27  3:39  Supply Depot  
  28  3:44  Orbital Command  
  28  3:51  Marine  
  29  4:09  Marine  
  30  4:19  Command Center  
  30  4:26  Supply Depot  
  30  4:27  Marine  
  31  4:42  Supply Depot  
  31  4:45  Marine  
  32  5:03  Marine  
  32  5:05  Bunker  
  33  5:20  Marine  
  34  5:34  Supply Depot  
  34  5:38  Marine  
  34  5:40  SCV  
  36  5:43  SCV  
  37  5:52  SCV  
  37  5:54  Refinery  
  37  5:56  Marine  
  39  6:04  SCV  
  40  6:14  Marine  
  40  6:15  Barracks  
  40  6:16  SCV  
  42  6:28  SCV  
  42  6:32  Marine  
  44  6:35  Bunker  
  44  6:40  SCV  
  44  6:46  Bunker  
  45  6:50  Marine  
  45  6:52  SCV  
  47  7:05  SCV  
  47  7:07  Marine  
  49  7:09  Supply Depot  
  49  7:25  Marine  
  50  7:43  Marine  
  52  7:48  Barracks Reactor  
  51  8:01  SCV, Marine  
  53  8:13  SCV  
  55  8:20  Supply Depot  
  55  8:25  SCV  
  55  8:26  Barracks Tech Lab  
  55  8:34  Marine x2  
  57  8:46  Refinery  
  57  8:51  Marine  
  57  8:52  Marine  
  59  9:04  Engineering Bay  
  59  9:08  Engineering Bay  
  59  9:09  Marine x2  
  60  9:15  Marauder  
  63  9:27  Marine x2  
  65  9:36  Marauder  
  67  9:43  Missile Turret  
  67  9:45  Reaper x2  
  69  9:46  Missile Turret  
  69  9:58  Marauder  
  71  10:11  Factory  
  71  10:17  Reaper x2  
  71  10:19  Marauder  
  68  10:41  Marauder  
Show
View Real Time Build Order
Export as new Build Order

A.I. 1 (Medium) Protoss - Winner!

Build Orders: 1 Gate Expand 

Get SALT Encoding   

  12  0:01  Probe (Chrono Boost)  
  13  0:11  Probe (Chrono Boost)  
  14  0:20  Pylon  
  14  0:22  Probe (Chrono Boost)  
  15  0:38  Probe (Chrono Boost)  
  16  0:49  Gateway, Probe (Chrono Boost)  
  17  1:10  Nexus  
  17  1:12  Probe (Chrono Boost)  
  18  1:28  Pylon  
  18  1:32  Assimilator  
  18  1:35  Zealot  
  20  1:42  Cybernetics Core  
  20  1:44  Probe (Chrono Boost)  
  21  1:55  Probe (Chrono Boost)  
  22  2:06  Probe (Chrono Boost)  
  22  2:08  Gateway  
  23  2:14  Assimilator  
  23  2:17  Stalker  
  23  2:22  Pylon  
  26  2:24  Probe (Chrono Boost)  
  26  2:25  Warp Gate  
  26  2:35  Probe (Chrono Boost)  
  27  2:40  Probe (Chrono Boost)  
  28  2:51  Assimilator  
  28  2:54  Sentry  
  30  3:00  Assimilator  
  30  3:14  Stalker, Probe (Chrono Boost)  
  33  3:21  Probe (Chrono Boost)  
  33  3:24  Probe (Chrono Boost)  
  35  3:32  Probe (Chrono Boost)  
  35  3:33  Stalker  
  36  3:36  Probe (Chrono Boost)  
  39  3:44  Probe (Chrono Boost)  
  39  3:47  Probe (Chrono Boost)  
  41  3:53  Sentry  
  44  3:56  Probe (Chrono Boost)  
  44  4:02  Pylon  
  44  4:05  Probe (Chrono Boost)  
  44  4:08  Probe (Chrono Boost)  
  46  4:12  Adept  
  49  4:17  Probe (Chrono Boost)  
  49  4:19  Probe (Chrono Boost)  
  50  4:28  Probe (Chrono Boost)  
  50  4:29  Pylon  
  50  4:30  Probe (Chrono Boost)  
  52  4:32  Zealot  
  54  4:40  Probe (Chrono Boost)  
  54  4:41  Probe (Chrono Boost)  
  56  4:51  Zealot, Probe (Chrono Boost)  
  59  4:56  Pylon, Probe (Chrono Boost)  
  60  5:02  Probe (Chrono Boost)  
  62  5:07  Probe (Chrono Boost)  
  62  5:10  Stalker  
  64  5:16  Probe (Chrono Boost), Robotics Facility  
  65  5:27  Pylon  
  65  5:30  Stalker  
  65  5:33  Forge  
  67  5:46  Probe (Chrono Boost)  
  67  5:49  Stalker, Probe (Chrono Boost), Pylon  
  71  5:54  Pylon  
  71  5:57  Probe (Chrono Boost)  
  72  6:00  Pylon, Probe (Chrono Boost)  
  72  6:03  Observer  
  74  6:06  Stargate  
  74  6:08  Photon Cannon, Stalker, Probe (Chrono Boost)  
  74  6:11  Photon Cannon, Probe (Chrono Boost)  
  78  6:17  Twilight Council  
  79  6:18  Probe (Chrono Boost)  
  79  6:20  Gateway  
  79  6:23  Observer  
  79  6:25  Photon Cannon  
  80  6:28  Sentry  
  80  6:32  Photon Cannon  
  82  6:34  Forge  
  82  6:47  Sentry  
  84  7:06  Adept  
  86  9:26  Nexus  
  86  9:58  Warp Prism  
  86  10:03  Gateway  
  88  10:07  Robotics Bay  
  88  10:10  Fleet Beacon  
  88  10:15  Robotics Facility  
  88  10:21  Stargate  
  88  10:26  Pylon  
  88  10:31  Templar Archives, Warp Prism  
  88  10:33  Dark Shrine  
  88  10:37  Zealot  
  88  10:40  Probe (Chrono Boost)  
  84  10:43  Probe (Chrono Boost)  
  84  10:49  Assimilator  
  78  10:55  Pylon  
  78  10:56  Pylon  
  84  10:58  Assimilator  
  88  11:17  Photon Cannon  
  88  11:20  Photon Cannon  
Tags
 
Matchup
PvT
Replay Pack
RP
Spawn Locations
Cross Positions
Add a new tag
Caveats
  • Supply blocks, unpowered buildings, or Contaminate may cause inaccurate times.
  • Supply counts are checked every 10 seconds.